 Dungeon Crawl Stone Soup version 0.29-a0-322-g68df515428 (webtiles) character file.

Game seed: 3991723396542291307

74 croobank the Firebug (level 4, -2/35 HPs)
             Began as a Hill Orc Fire Elementalist on Apr 9, 2022.
             Slain by Terence
             ... wielding a +2 vorpal hand axe
              (9 damage)
             ... on level 2 of the Dungeon.
             The game lasted 00:05:39 (1625 turns).

croobank the Firebug (Hill Orc Fire Elementalist)   Turns: 1625, Time: 00:05:49

Health: -2/35      AC:  2    Str: 10    XL:     4   Next: 28%
Magic:  5/7        EV: 12    Int: 17    God:
Gold:   39         SH:  0    Dex: 11    Spells: 0/7 levels left

rFire   . . .      SeeInvis .   i - +0 hand axe
rCold   . . .      Faith    .   (no shield)
rNeg    . . .      Spirit   .   e - +0 robe
rPois   .          Reflect  .   (no helmet)
rElec   .          Harm     .   (no cloak)
rCorr   .          Rampage  .   (no gloves)
Will    .....                   (no boots)
Stlth   ++........              (no amulet)
HPRegen 0.11/turn               (no ring)
MPRegen 0.10/turn               (no ring)

@: no status effects
A: no striking features
a: no special abilities


You were on level 2 of the Dungeon.
You visited 1 branch of the dungeon, and saw 2 of its levels.

You collected 39 gold pieces.

Inventory:

Hand Weapons
 a - a +0 short sword
 b - a +0 hunting sling
 i - a +0 hand axe (weapon)
Missiles
 f - 11 stones
Armour
 e - a +0 robe (worn)
 g - a +0 leather armour
Scrolls
 h - 5 scrolls of identify {unknown}
 k - 3 scrolls of vulnerability {unknown}
 l - a scroll of teleportation {unknown}
Potions
 d - 2 potions of heal wounds {unknown}
 j - a potion of invisibility {unknown}
 m - a potion of lignification {unknown}


   Skills:
 + Level 1.0 Fighting
 + Level 2.0 Dodging
 + Level 2.1 Stealth
 + Level 2.0 Spellcasting
 + Level 2.0 Conjurations
 + Level 3.8 Fire Magic


You couldn't memorise any spells.
You knew the following spells:

 Your Spells              Type           Power      Damage    Failure   Level
a - Foxfire               Conj/Fire      44%        2x1d6     6%          1
b - Scorch                Fire           28%        2d6       6%          2
c - Flame Wave            Conj/Fire      11%        2d5       50%         4

Your spell library contained the following spells:

 Spells                   Type           Power      Damage    Failure   Level
 Conjure Flame            Conj/Fire      11%        6-21      17%         3
 Inner Flame              Hex/Fire       8%         N/A       26%         3


Dungeon Overview and Level Annotations

Branches:
Dungeon (2/15)

Altars:

Annotations:
D:2 Terence


Message History

Terence hits you with a +2 vorpal hand axe!
You barely miss Terence.
Terence is severely wounded.
Terence bares his teeth.
Terence hits you with a +2 vorpal hand axe.
Terence barely misses you. Terence attacks as you move away!
Terence misses you.
You hit Terence but do no damage.
Terence is severely wounded.
Terence hits you with a +2 vorpal hand axe!
Casting: Scorch (safe; 6% risk of failure)
Confirm with . or Enter, or press ? or * to list all spells.
You miscast Foxfire.
You are very lightly contaminated with residual magic.
Nothing appears to happen.
Terence is no longer more vulnerable to fire.
Terence closely misses you.
Casting: Foxfire (safe; 6% risk of failure)
Confirm with . or Enter, or press ? or * to list all spells.
Okay, then.
You barely miss Terence.
Terence is severely wounded.
Terence screams, "I want your blood!"
Terence hits you with a +2 vorpal hand axe.
* * * LOW HITPOINT WARNING * * *
x2 Terence attacks as you move away!
Terence completely misses you.
Your magical contamination has completely faded away.
Terence attacks as you move away!
Terence hits you with a +2 vorpal hand axe.
* * * LOW HITPOINT WARNING * * *
x2 Terence attacks as you move away!
Terence closely misses you.
You see here a +0 hunting sling.
Magic courses through your body. Terence closely misses you.
Casting: Foxfire (safe; 6% risk of failure)
Confirm with . or Enter, or press ? or * to list all spells.
Flames lash Terence.
Terence is almost dead.
Terence's fire resistance burns away.
Terence hits you with a +2 vorpal hand axe!
You die...

#.### ##.##.# #.#
#.....# #.# ##.##.##
#.##########..#
#.............#
############..# ######
#..# ######
#....#######..# #....##
#.....@@......# #.#....
####.########.# #.#..##
#.# #.# #.#..# ##### #.#
#.####.#..# ...###.##
#.........#
#.#####.##...###
#[####.##.#
#..........#...# #.#
#.##.#
#######.##...#.#####.#
#.##.#
#.###.##.......####.##.#


You could see Terence (combustible).

Vanquished Creatures
  Natasha (D:2)
  An adder (D:2)
  A dart slug (D:1)
  A bat (D:1)
  2 endoplasms (D:1)
  4 goblins
  2 hobgoblins
  A kobold (D:1)
  4 quokkas
  10 ball pythons
  5 frilled lizards
  7 rats
39 creatures vanquished.

Vanquished Creatures (others)
  65 foxfires
  3 fungi (D:1)
  3 plants (D:1)
71 creatures vanquished.

Grand Total: 110 creatures vanquished

Notes
Turn   | Place    | Note
-------+----------+-------------------------------------------
     0 | D:1      | croobank the Hill Orc Fire Elementalist began the quest for
                  | the Orb.
     0 | D:1      | Reached XP level 1. HP: 14/14 MP: 3/3
   243 | D:1      | Reached XP level 2. HP: 20/20 MP: 1/4
   246 | D:1      | Learned a level 2 spell: Scorch
   620 | D:1      | Reached XP level 3. HP: 26/26 MP: 1/5
   751 | D:1      | Found a faded altar of an unknown god.
   759 | D:1      | Got Plato's Handbook of Heat
   927 | D:2      | Noticed Natasha
   931 | D:2      | Killed Natasha
   936 | D:2      | Reached XP level 4. HP: 34/34 MP: 0/6
  1269 | D:2      | Reached skill level 1 in Fighting
  1594 | D:2      | Noticed Terence
  1601 | D:2      | Learned a level 4 spell: Flame Wave
  1625 | D:2      | Slain by Terence

Illustrated notes

Levels and vault maps discovered:
D:1:      saegor_arrival_simple_b, layout_rooms,
          shapermc_ecumenical_altar_rom_forum
D:2:      layout_loops_ring, uniq_crazy_yiuf_cottage, uniq_natasha, uniq_terence

Skill      XL: |  1  2  3  4 |
---------------+-------------+-----
Stealth        | 2 |  2.1
Dodging        | 2 |  2.0
Spellcasting   | 2 |  2.0
Fighting       | 1 |  1.0
Conjurations   | 2 |  2.0
Fire Magic     | |  3.8

Action                   |  1- 3 |  4- 6 || total
-------------------------+-------+-------++-------
Melee: Short sword       |     6 |       ||     6
       Hand axe          |     8 |     6 ||    14
 Cast: Foxfire           |    26 |    13 ||    39
       Scorch            |     6 |    11 ||    17
  Use: Potion            |       |     1 ||     1
Armor: Robe              |     1 |       ||     1
Dodge: Dodged            |    14 |    10 ||    24

Table legend: (Time is in decaauts)
 A = Elapsed time spent in this place.
 B = Non-inter-level travel time spent in this place.
 C = Inter-level travel time spent in this place.
 D = Time resting spent in this place.
 E = Time spent auto-exploring this place.
 F = Levels seen in this place.
 G = Mean time per level.
                   A        B        C        D        E       F      G
               +--------+--------+--------+--------+--------+-----+--------+
         Total |   1628 |   1596 |     32 |     99 |   1149 |   2 |  814.0 |
       Dungeon |   1628 |   1596 |     32 |     99 |   1149 |   2 |  814.0 |
               +--------+--------+--------+--------+--------+-----+--------+

Top non-repeatable levels by time:
     D:1: 915 daAuts
     D:2: 713 daAuts
